 Dungeon Crawl Stone Soup version 0.29.1-2-gbd0b4ee654 (webtiles) character file.

Game seed: 4682565290124785957

3140 GorkyZ the Trooper (level 9, -7/56 HPs)
             Began as a Gargoyle Fighter on Nov 29, 2022.
             Was an Initiate of Gozag.
             Mangled by a two-headed ogre
             ... wielding a +0 giant club
              (22 damage)
             ... on level 8 of the Dungeon.
             The game lasted 00:25:05 (6397 turns).

GorkyZ the Trooper (Gargoyle Fighter)               Turns: 6397, Time: 00:25:06

Health: -7/56      AC: 20    Str: 24    XL:     9   Next: 92%
Magic:  9/9        EV:  9    Int:  9    God:    Gozag
Gold:   0          SH:  5    Dex:  9    Spells: 8/8 levels left

rFire   . . .      SeeInvis .   a - +1 war axe (chaos)
rCold   . . .      Faith    .   c - +0 buckler
rNeg    + . .      Spirit   .   r - +1 chain mail
rPois   ∞          Reflect  .   (no helmet)
rElec   +          Harm     .   z - +0 cloak
rCorr   .          Rampage  .   (no gloves)
Will    .....                   t - +0 pair of boots
Stlth   ..........              (no amulet)
HPRegen 0.18/turn               (no ring)
MPRegen 0.11/turn               (no ring)

@: no status effects
A: sickness immunity, AC +6, negative energy resistance 1, electricity
resistance, torment resistance 1, petrification resistance
a: Renounce Religion, Potion Petition, Call Merchant, Bribe Branch


You were on level 8 of the Dungeon.
You worshipped Gozag.
Gozag was noncommittal.
You visited 1 branch of the dungeon, and saw 8 of its levels.

You collected 735 gold pieces.
You spent 689 gold pieces at shops.
You paid 46 gold pieces to Gozag.

Inventory:

Hand Weapons
 a - a +1 war axe of chaos (weapon)
Missiles
 m - 16 poisoned darts (quivered)
 x - 2 boomerangs
Armour
 b - a +0 scale mail
 c - a +0 buckler (worn)
 r - a +1 chain mail (worn)
 t - a +0 pair of boots (worn)
 z - a +0 cloak (worn)
Jewellery
 u - a ring of magical power
Wands
 y - a wand of charming (9)
 C - a wand of flame (13)
Scrolls
 k - a scroll of brand weapon
 n - 5 scrolls of identify
 v - a scroll of vulnerability
 w - a scroll of poison
 A - a scroll of noise
 B - a scroll of fog
Potions
 d - 2 potions of might
 e - a potion of ambrosia
 g - 5 potions of curing
 h - 2 potions of brilliance
 i - a potion of lignification
 j - 2 potions of heal wounds
 l - 2 potions of haste
 o - a potion of flight
 E - a potion of magic {unknown}
 F - a potion of degeneration


   Skills:
 + Level 6.5 Fighting
 + Level 5.0 Axes
 + Level 4.4 Throwing
 + Level 6.4 Armour
 + Level 4.0 Dodging
 + Level 6.5 Shields
 + Level 4.4 Evocations


You had 8 spell levels left.
You didn't know any spells.
Your spell library contained the following spells:

 Spells                   Type           Power      Damage    Failure   Level
 Apportation              Tloc           0%         N/A       97%         1
 Beastly Appendage        Tmut           0%         N/A       97%         1
 Slow                     Hex            0%         N/A       97%         1
 Poisonous Vapours        Pois/Air       0%         N/A       99%         2
 Wereblood                Tmut           0%         N/A       99%         2
 Confusing Touch          Hex            0%         N/A       100%        3
 Dazzling Flash           Conj/Hex       0%         N/A       100%        3
 Spider Form              Tmut/Pois      0%         N/A       100%        3
 Vampiric Draining        Necr           0%         2d6       100%        3
 Iskenderun's Mystic Bla  Conj/Tloc      0%         2d3       100%        4
 Alistair's Intoxication  Tmut/Pois      0%         N/A       100%        5
 Starburst                Conj/Fire      0%         6d3       100%        6
 Summon Hydra             Summ           0%         N/A       100%        7
 Borgnjor's Revivificati  Necr           0%         N/A       100%        8
 Necromutation            Tmut/Necr      0%         N/A       100%        8
 Death's Door             Necr           0%         N/A       100%        9
 Sublimation of Blood     Necr           Unusable   N/A       N/A         2
 Corpse Rot               Necr/Pois/Air  Unusable   N/A       N/A         4

Dungeon Overview and Level Annotations

Branches:
Dungeon (8/15)             Temple (0/1) D:4
   Lair: D:8-11

Altars:
Cheibriados
Dithmenos
Gozag
Kikubaaqudgha
Sif Muna
Trog
The Shining One

Shops:
D:2 !   D:6 ?

Annotations:
D:6 2 transporters, GorkyZ's ghost, novice OpAE
D:8 Maurice


Innate Abilities, Weirdness & Mutations

You are immune to sickness and miasma.
Your stone body is resilient. (AC +6)
You are immune to poison.
You resist negative energy. (rN+)
You are resistant to electric shocks. (rElec)
You are resistant to unholy torment.
You are immune to petrification.


Message History

You miss something. Something hits you but does no damage. Something hits you.
Something mutters, "Now where did you hide it?"
You closely miss something.
You hear the slow hiss of an avalanche of sand very nearby.
Something hits you.
Something groans, "What are you, a monk?"
You closely miss something.
An orc wizard comes into view. It is wielding a +0 dagger.
You hear some strange, mumbled words.
The orc wizard shouts!
You hear a shout!
The orc misses you.
You hear a zap.
Some rock shatters into small pieces.
Found a stone staircase leading down.
Things that are here:
a +0 short sword; a +1 vampiric spear The orc wizard mumbles some strange words.
The orc wizard flickers and vanishes!
Things that are here:
7 gold pieces; a +0 spear The orc attacks as you move away!
The orc hits you but does no damage.
Things that are here:
13 gold pieces; a +0 club; a +0 whip The orc attacks as you move away!
The orc misses you.
Things that are here:
5 gold pieces; a +0 club; a +0 robe The orc attacks as you move away!
The orc closely misses you. The orc attacks as you move away!
The orc hits you with a +0 morningstar.
You closely miss the orc. The orc closely misses you.
The orc hits you with a +0 morningstar.
You barely miss the orc. You slash the two-headed ogre!
You feel better.
The two-headed ogre is lightly wounded.
You hit the two-headed ogre but do no damage.
The two-headed ogre is lightly wounded.
The two-headed ogre hits you with a +0 giant club!
* * * LOW HITPOINT WARNING * * *
The two-headed ogre hits you with a +0 giant spiked club!!
You die...
Your body crumbles into a pile of gold.

######
#.@Oo#######...
#### ..# ..#
..# ..# #.#


You could see a two-headed ogre and 2 orcs.

Vanquished Creatures
  Grinder (D:6)
  5 yaks (D:7)
  A steam dragon (D:7)
  Edmund (D:5)
  A black bear (D:4)
  An orc warrior (D:6)
  2 ice beasts
  A sky beast (D:6)
  2 ogres
  A centaur (D:7)
  A bullfrog (D:7)
  Blork the orc (D:6)
  3 necrophages
  2 scorpions
  A wight (D:7)
  2 howler monkeys
  5 hounds
  4 jellies
  A gnoll bouda (D:8)
  An orc priest (D:6)
  An iguana (D:7)
  Terence (D:2)
  3 orc wizards
  6 gnolls
  10 adders
  5 worms
  A dart slug (D:1)
  21 orcs
  2 bats
  5 endoplasms
  5 giant cockroaches
  8 goblins
  7 hobgoblins
  4 jackals (D:4)
  7 kobolds
  A quokka (D:4)
  3 ball pythons
  4 frilled lizards
  5 rats
136 creatures vanquished.

Vanquished Creatures (others)
  5 plants (D:7)
5 creatures vanquished.

Grand Total: 141 creatures vanquished

Notes
Turn   | Place    | Note
-------+----------+-------------------------------------------
     0 | D:1      | GorkyZ the Gargoyle Fighter began the quest for the Orb.
     0 | D:1      | Reached XP level 1. HP: 14/14 MP: 1/1
   304 | D:1      | Reached XP level 2. HP: 14/19 MP: 2/2
   474 | D:1      | Found a faded altar of an unknown god.
  1034 | D:2      | Reached XP level 3. HP: 23/23 MP: 3/3
  1319 | D:2      | Reached XP level 4. HP: 24/28 MP: 4/4
  1372 | D:2      | Found Vouhoc's Distillery.
  1375 | D:2      | Noticed Terence
  1389 | D:2      | Killed Terence
  1390 | D:2      | Reached skill level 1 in Throwing
  1390 | D:2      | Reached skill level 1 in Dodging
  1390 | D:2      | Reached skill level 1 in Evocations
  1588 | D:2      | Bought a potion of curing for 39 gold pieces
  1588 | D:2      | Bought a potion of heal wounds for 65 gold pieces
  1879 | D:3      | Reached XP level 5. HP: 30/33 MP: 5/5
  2112 | D:3      | Found an opulent altar of Gozag.
  2164 | D:3      | Became a worshipper of Gozag Ym Sagoz the Greedy
  2208 | D:3      | Found a shimmering blue altar of Sif Muna.
  2668 | D:4      | Noticed a black bear
  2678 | D:4      | Killed a black bear
  2679 | D:4      | Reached XP level 6. HP: 35/38 MP: 6/6
  2759 | D:4      | Found a staircase to the Ecumenical Temple.
  2946 | D:4      | You fall into a shaft and drop 3 floors!
  3123 | D:7      | Reached XP level 7. HP: 41/44 MP: 7/7
  3227 | D:7      | Noticed a steam dragon
  3238 | D:7      | Killed a steam dragon
  3469 | D:7      | Noticed a yak
  3469 | D:7      | Noticed a yak
  3470 | D:7      | Noticed a yak
  3471 | D:7      | Noticed a yak
  3473 | D:7      | Noticed a yak
  3486 | D:7      | Killed a yak
  3486 | D:7      | Killed a yak
  3487 | D:7      | Reached XP level 8. HP: 41/48 MP: 8/8
  3492 | D:7      | Killed a yak
  3493 | D:7      | Reached skill level 5 in Fighting
  3493 | D:7      | Reached skill level 5 in Armour
  3493 | D:7      | Reached skill level 5 in Shields
  3498 | D:7      | Killed a yak
  3509 | D:7      | Killed a yak
  3557 | D:6      | Found an ancient bone altar of Kikubaaqudgha.
  3558 | D:6      | Noticed Blork the orc
  3567 | D:6      | Killed Blork the orc
  3599 | D:5      | Entered Level 5 of the Dungeon
  3599 | D:5      | Noticed Edmund
  3613 | D:5      | Killed Edmund
  3614 | D:5      | Reached XP level 9. HP: 19/54 MP: 9/9
  4146 | D:4      | Found a shadowy altar of Dithmenos.
  4147 | D:4      | Found a snail-covered altar of Cheibriados.
  4148 | D:4      | Found a bloodstained altar of Trog.
  4149 | D:4      | Found a glowing golden altar of the Shining One.
  4294 | D:4      | Identified the +0 leather armour of Bolahoh {Int+4}
  4973 | D:6      | Identified the +2 robe "Oxeakext" {*Slow +Blink rElec
                  | Str+4}
  5046 | D:6      | Noticed Grinder
  5047 | D:6      | Found Tompeann's Magic Scroll Shop.
  5067 | D:6      | Paralysed by Grinder for 5 turns
  5073 | D:6      | Killed Grinder
  5169 | D:6      | Bought a scroll of identify for 26 gold pieces
  5169 | D:6      | Bought a scroll of identify for 26 gold pieces
  5173 | D:6      | Bought a scroll of noise for 13 gold pieces
  5173 | D:6      | Bought a scroll of fog for 52 gold pieces
  5173 | D:6      | Bought a scroll of identify for 26 gold pieces
  5173 | D:6      | Bought a scroll of identify for 26 gold pieces
  5173 | D:6      | Bought a scroll of identify for 26 gold pieces
  5227 | D:6      | Noticed a queen bee
  5227 | D:6      | Noticed GorkyZ's ghost (novice OpAE)
  5252 | D:6      | Found a transporter.
  5258 | D:6      | Found a transporter.
  5663 | D:2      | Bought 2 potions of curing for 78 gold pieces
  5663 | D:2      | Bought a potion of heal wounds for 65 gold pieces
  5663 | D:2      | Bought a potion of degeneration for 13 gold pieces
  5663 | D:2      | Bought a potion of haste for 130 gold pieces
  5663 | D:2      | Bought a potion of mutation for 104 gold pieces
  6090 | D:7      | Reached skill level 5 in Axes
  6356 | D:8      | Noticed Maurice
  6384 | D:8      | Noticed a two-headed ogre
  6397 | D:8      | Mangled by a two-headed ogre

Illustrated notes

Levels and vault maps discovered:
D:1:      dpeg_arrival_radiant, layout_loops_corners,
          dreamdust_ecumenical_altar_statues
D:2:      layout_rooms, serial_shops, nicolae_shop_crystal, chequers_garden,
          uniq_terence
D:3:      layout_loops_ring, lemuel_tele_altar, pf_just_have_faith, st_stairs_9
D:4:      layout_loops_ring, mainiacjoe_overflow_alcove_3,
          minmay_temple_entry_trees, minmay_circle_x
D:5:      layout_basic, dreamdust_wishing_well, minmay_misc_feat_cross,
          uniq_edmund
D:6:      layout_rooms, mainiacjoe_overflow_tiny_flanked, gammafunk_ghost_hive,
          serial_shops, shop, hangedman_decor_opposing, uniq_blork_the_orc,
          uniq_grinder
D:7:      layout_loops_ring, dreamdust_princess_bridge, serial_bayou_pond_a,
          minmay_between
D:8:      layout_loops_ring, serial_shops, shop, nicolae_shop_trees,
          nicolae_ossuary_entry_catacombs, uniq_maurice

Skill      XL: |  1  2  3  4  5  6  7  8  9 |
---------------+----------------------------+-----
Axes           | 2 3 4 5 |  5.0
Throwing       | 1 2 3 4 |  4.4
Dodging        | 1 2 3 4 |  4.0
Evocations     | 1 2 3 4 |  4.4
Armour         | 4 5 6 |  6.4
Fighting       | 4 5 6 |  6.5
Shields        | 4 5 6 |  6.5

Action                   |  1- 3 |  4- 6 |  7- 9 || total
-------------------------+-------+-------+-------++-------
Melee: War axe           |    65 |   139 |   257 ||   461
Throw: Dart              |       |     2 |     4 ||     6
  Use: Scroll            |       |     9 |     4 ||    13
       Potion            |       |       |     7 ||     7
 Stab: Petrified         |       |       |     2 ||     2
       Paralysed         |       |       |     3 ||     3
Armor: Scale mail        |    37 |     4 |       ||    41
       Chain mail        |       |    98 |   201 ||   299
Dodge: Dodged            |    27 |    52 |   115 ||   194
Block: Buckler           |    25 |    39 |    67 ||   131
